AoeStats
← JhoelAgeX

Arabia

510032797Analyzed
1v1 RM · 2d ago on Sep 29, 2026· 41m 42s· 2 players
Game mode
Random Map
Map size
Tiny (2 player)
Population
200
Speed
Normal
Resources
Standard
Victory
Conquest
Starting age
Dark Age
Ending age
Imperial Age
RankedLock teamsTeams togetherTeam positionsShared explorationLock speedFull tech treeHidden civsTurbo modeCheats
Victory
Defeat
🇲🇽 Koreans · Mexico
1254
+15
🇵🇪 Teutons · Peru
1237
-15
JhoelAgeX
6:40 Loom
9:39 Feudal Age
24:08 Castle Age
22:58 Bloodlines
24:10 Scale Barding Armor
24:18 Forging
25:34 Horse Collar
30:35 Double-Bit Axe
31:29 Bow Saw
31:32 Heavy Plow
33:54 Iron Casting
36:16 Wheelbarrow
38:54 Imperial Age
39:05 Chain Barding Armor
38:49 Gold Mining
40:46 Plate Barding Armor
41:11 Cavalier
pablo5256
7:45 Loom
10:27 Feudal Age
10:32 Man-at-Arms
11:21 Double-Bit Axe
17:28 Horse Collar
19:13 Fletching
25:55 Castle Age
26:56 Heavy Plow
27:08 Bow Saw
29:25 Town Watch
30:30 Husbandry
30:45 Bodkin Arrow
32:21 Stone Mining
32:22 Gold Mining
34:25 Wheelbarrow
34:06 Thumb Ring
39:12 Imperial Age
38:56 Stone Shaft Mining
39:52 Ballistics
40:28 Bracer
40:50 Conscription
Connection lost

Rejoining the realm…

Still unreachable

The connection could not be restored.

Session expired

The server has moved on; the page needs a fresh start.